 Dungeon Crawl Stone Soup version 0.24.0-123-gd5b16e6ec5 (webtiles) character file.

Game seed: 17178993968682684611, levelgen mode: deterministic

307 Johnny the Digger (level 5, -6/38 HPs)
             Began as a Demigod Earth Elementalist on Feb 7, 2020.
             Killed from afar by Ijyb (8 damage)
             ... with a puff of flame
             ... on level 3 of the Dungeon.
             The game lasted 00:02:27 (3441 turns).

Johnny the Digger (Demigod Earth Elementalist)      Turns: 3441, Time: 00:02:27

Health: -6/38      AC:  3    Str: 11    XL:     5   Next: 94%
Magic:  11/14      EV: 12    Int: 21    God:
Gold:   162        SH:  0    Dex: 16    Spells: 11/12 levels left

rFire    . . .     SeeInvis .   g - +1 short sword (venom)
rCold    . . .     Gourm    .   (no shield)
rNeg     . . .     Faith    .   c - +0 robe
rPois    .         Spirit   .   q - +0 helmet
rElec    .         Reflect  .   (no cloak)
rCorr    .         Harm     .   (no gloves)
MR       .....                  (no boots)
Stlth    +.........             (no amulet)
HPRegen  0.12/turn              a - ring of attention (curse)
MPRegen  0.14/turn              (no ring)

@: flying
A: high mp 1
a: no special abilities


You were on level 3 of the Dungeon.
You were not hungry.

You visited 1 branch of the dungeon, and saw 3 of its levels.

You collected 162 gold pieces.

Inventory:

Hand Weapons
 g - a +1 short sword of venom (weapon)
Missiles
 b - 102 stones (quivered)
Armour
 c - a +0 robe (worn)
 q - a +0 helmet (worn)
Jewellery
 a - a cursed ring of attention (left hand)
 o - a +2 ring of dexterity {unknown}
Wands
 j - a wand of enslavement (7)
Scrolls
 e - 2 scrolls of remove curse
 h - 2 scrolls of identify
 i - 2 scrolls of teleportation
 m - a scroll of immolation
 n - a scroll of noise {unknown}
 p - a scroll of enchant weapon {unknown}
Potions
 f - a potion of brilliance
 k - 2 potions of flight
 l - a potion of curing {unknown}
Comestibles
 d - 6 rations
 r - a chunk of flesh


   Skills:
 - Level 1.7 Dodging
 - Level 1.7 Stealth
 + Level 4.0 Spellcasting
   Level 0.8 Transmutations
 + Level 4.8 Earth Magic


You had 11 spell levels left.
You knew the following spells:

 Your Spells              Type           Power        Failure   Level  Hunger
a - Sandblast             Erth           ###...       1%          1    None

Your spell library contained the following spells:

 Spells                   Type           Power        Failure   Level  Hunger
 Passwall                 Tmut/Erth      ###.....     5%          2    #......
 Stone Arrow              Conj/Erth      ##....       13%         3    ###....
 Petrify                  Tmut/Erth      ###.....     36%         4    ####...
 Lee's Rapid Deconstruct  Erth           ###.......   41%         5    ######.


Dungeon Overview and Level Annotations

Branches:
Dungeon (3/15)

Annotations:
D:3 Ijyb


Innate Abilities, Weirdness & Mutations

You have an increased reservoir of magic. (+10% MP)


Message History

Press: ? - help, Shift-Dir - straight line, f/p - Ijyb
Aim: Ijyb, wielding a +0 dagger, wearing a +0 leather armour and carrying a wand of flame (9) (heavily wounded)
The blast of sand hits Ijyb.
Ijyb is severely wounded.
b - 103 stones Ijyb zaps a wand.
The puff of flame hits you!
* * * LOW HITPOINT WARNING * * *
Casting: Sandblast (safe; 1% risk of failure)
Confirm with . or Enter, or press ? or * to list all spells.
Aiming: Sandblast (safe; 1% risk of failure)
Press: ? - help, Shift-Dir - straight line, f/p - Ijyb
Aim: Ijyb, wielding a +0 dagger, wearing a +0 leather armour and carrying a wand of flame (8) (severely wounded)
The blast of sand misses Ijyb.
b - 102 stones Ijyb drinks a potion.
Ijyb is healed!
Unknown command.
It was a potion of flight.
You feel very buoyant.
You fly up into the air.
Ijyb zaps a wand.
The puff of flame hits you!
You die...

#.....†..#.##.##.#
#.###.####.##.##.#
#.# #.##....# #.#
#.#####.# #.#
#.#####.# ...
#.......# ...
#######.# ... #.#
#@# #######g####
#g.........#
#.##.##.##.# # #.#
# ..# #.# #.# ...


You could see Ijyb.

Vanquished Creatures
  Grinder (D:3)
  Natasha (D:3)
  2 adders
  3 worms
  4 dart slugs
  2 leopard geckos
  An orc (D:3)
  A ball python (D:2)
  4 giant cockroaches (D:1)
  3 goblins
  4 hobgoblins
  3 jackals (D:2)
  9 kobolds
  3 quokkas
  2 bats
  3 frilled lizards
  4 rats
50 creatures vanquished.

Vanquished Creatures (others)
  A kobold (D:2)
1 creature vanquished.

Grand Total: 51 creatures vanquished

Notes
Turn   | Place    | Note
-------+----------+-------------------------------------------
     0 | D:1      | Johnny the Demigod Earth Elementalist began the quest for
                  | the Orb.
     0 | D:1      | Reached XP level 1. HP: 14/14 MP: 5/5
   261 | D:1      | Reached XP level 2. HP: 13/20 MP: 1/7
  1414 | D:2      | Reached XP level 3. HP: 18/26 MP: 7/9
  2253 | D:2      | Found a white marble altar of Elyvilon.
  2293 | D:2      | Found a shattered altar of Ashenzari.
  2484 | D:2      | Found a burning altar of Makhleb.
  2488 | D:2      | Found a radiant altar of Vehumet.
  2859 | D:3      | Noticed Grinder
  2869 | D:3      | Killed Grinder
  2869 | D:3      | Reached XP level 4. HP: 21/33 MP: 5/12
  2869 | D:3      | Reached XP level 5. HP: 24/38 MP: 5/14
  3071 | D:3      | Found a basalt altar of Yredelemnul.
  3360 | D:3      | Noticed Natasha
  3364 | D:3      | Killed Natasha
  3430 | D:3      | Noticed Ijyb
  3441 | D:3      | Killed from afar by Ijyb

Levels and vault maps discovered:
D:1:      onia_arrival_larder, layout_basic, chequers_hall_statues_corner_a
D:2:      layout_basic, minitemple, ashenzari_conservatory_becter, first_ration,
          elyvilon_altar_4
D:3:      minmay_wonky_spiral, layout_loops_cross, overflow_temple_1_default,
          st_stairs_11, uniq_ijyb, uniq_natasha, uniq_grinder

Skill      XL: |  1  2  3  4  5 |
---------------+----------------+-----
Spellcasting   | 2 3 4 |  4.0
Earth Magic    | 3 4 |  4.8
Dodging        | |  1.7
Stealth        | |  1.7
Transmutations | |  0.8

Action                   |  1- 3 |  4- 6 || total
-------------------------+-------+-------++-------
Melee: Unarmed           |    10 |       ||    10
       Hand axe          |    28 |       ||    28
       Short sword       |    38 |    12 ||    50
 Cast: Sandblast         |    27 |    10 ||    37
  Use: Scroll            |     4 |       ||     4
       Potion            |     2 |     1 ||     3
 Stab: Sleeping          |     4 |       ||     4
  Eat: Chunk             |     6 |     2 ||     8
Armor: Robe              |    14 |     2 ||    16
Dodge: Dodged            |    51 |    14 ||    65
